PL
LAS VEGAS FLAMINGOS @ BOSTON PATRIOTS
10/14/2034
 
TOP OF THE 1ST
Las Vegas Flamingos batting - Pitching for Boston Patriots : RHP Sam Mooney
Pitching: RHP Sam Mooney
Batting: LHB Ruud van Ineveld 0-0: Ball
1-0: Ball
2-0: Foul Ball, location: 2F
2-1: Ground out 4-3 (Groundball, 4)
Batting: RHB Sake van Arem 0-0: Ball
1-0: Ball
2-0: Called Strike
2-1: Ball
3-1: Base on Balls
Batting: RHB Baldomero Avino 0-0: Fly out, F7 (Flyball, 7D)
Batting: LHB Victor Adams 0-0: Called Strike
0-1: SINGLE (Line Drive, 56)
Sake van Arem to second
Batting: LHB Ty Tomblin 0-0: Ball
1-0: Ball
2-0: Called Strike
2-1: DOUBLE (Line Drive, 89D)
Sake van Arem scores
Victor Adams to third
Runner from 3rd tries for Home, SAFE, no throw
Batting: RHB Xavier Hernández 0-0: Called Strike
0-1: Ball
1-1: Ball
2-1: Foul Ball, location: 2F
2-2: Strikes out swinging
Top of the 1st over - 2 runs, 2 hits, 0 errors, 1 left on base; Las Vegas 2 - Boston 0
BOTTOM OF THE 1ST
Boston Patriots batting - Pitching for Las Vegas Flamingos : RHP Sy-ing Tah
Pitching: RHP Sy-ing Tah
Batting: SHB Edward Sterrenburg 0-0: Swinging Strike
0-1: Fly out, F6 (Popup, 6M)
Batting: LHB Manuel Carmona 0-0: Called Strike
0-1: Swinging Strike
0-2: Ball
1-2: Fly out, F4 (Line Drive, 4)
Batting: LHB Jorge Alejándrez 0-0: SINGLE (Line Drive, 56)
Batting: LHB Adrián Gómez 0-0: Ground out 4-3 (Groundball, 34)
Bottom of the 1st over - 0 runs, 1 hit, 0 errors, 1 left on base; Las Vegas 2 - Boston 0
TOP OF THE 2ND
Las Vegas Flamingos batting - Pitching for Boston Patriots : RHP Sam Mooney
Batting: SHB Takashi Noda 0-0: Ground out 4-3 (Groundball, 4)
Batting: RHB Ellis Greenham 0-0: Foul Ball, location: 2F
0-1: Called Strike
0-2: Foul Ball, location: 2F
0-2: Ball
1-2: Foul Ball, location: 2F
1-2: SINGLE (Groundball, 34D)
Batting: RHB Sun-jae Kwak 0-0: Foul Ball, location: 2F
0-1: Called Strike
0-2: Fly out, F9 (Flyball, 9S)
Batting: LHB Ruud van Ineveld 0-0: Called Strike
0-1: Foul Ball, location: 2F
0-2: Ground out 4-3 (Groundball, 34)
Top of the 2nd over - 0 runs, 1 hit, 0 errors, 1 left on base; Las Vegas 2 - Boston 0
BOTTOM OF THE 2ND
Boston Patriots batting - Pitching for Las Vegas Flamingos : RHP Sy-ing Tah
Batting: RHB Roland Deschain 0-0: Foul Ball, location: 2F
0-1: Called Strike
0-2: SINGLE (Groundball, 6MD)
Batting: LHB Stanley Belote 0-0: Ball
1-0: Ball
2-0: Foul Ball, location: 2F
2-1: Ball
Roland Deschain steals 2nd base
3-1: Called Strike
3-2: Base on Balls
Batting: RHB Francisco Agámez 0-0: Called Strike
0-1: Called Strike
0-2: Ball
1-2: Ball
2-2: Ground out 5-3 (Groundball, 56S)
Roland Deschain to third
Stanley Belote to second
Batting: RHB Dennis Wacher 0-0: Reached on error, E6 (Groundball, 6)
Roland Deschain scores
Stanley Belote to third
Batting: RHB Anselmo Berneu 0-0: Ball
1-0: Ball
2-0: Foul Ball, location: 2F
2-1: Foul Ball, location: 2F
2-2: Foul Ball, location: 2F
2-2: Strikes out swinging
Batting: SHB Edward Sterrenburg 0-0: Ball
1-0: Foul Ball, location: 2F
1-1: Foul Ball, location: 2F
1-2: Strikes out swinging
Bottom of the 2nd over - 1 run, 1 hit, 1 error, 2 left on base; Las Vegas 2 - Boston 1
TOP OF THE 3RD
Las Vegas Flamingos batting - Pitching for Boston Patriots : RHP Sam Mooney
Batting: RHB Sake van Arem 0-0: Ball
1-0: Called Strike
1-1: Called Strike
1-2: Fly out, F8 (Flyball, 8LD)
Batting: RHB Baldomero Avino 0-0: Ball
1-0: Called Strike
1-1: Called Strike
1-2: Ball
2-2: Foul Ball, location: 2F
2-2: Foul Ball, location: 2F
2-2: Foul Ball, location: 2F
2-2: Strikes out swinging
Batting: LHB Victor Adams 0-0: Called Strike
0-1: Foul Ball, location: 2F
0-2: Fly out, F8 (Flyball, 8LM)
Top of the 3rd over - 0 runs, 0 hits, 0 errors, 0 left on base; Las Vegas 2 - Boston 1
BOTTOM OF THE 3RD
Boston Patriots batting - Pitching for Las Vegas Flamingos : RHP Sy-ing Tah
Batting: LHB Manuel Carmona 0-0: Swinging Strike
0-1: Foul Ball, location: 2F
0-2: Ball
1-2: DOUBLE (Flyball, 8LXD)
Batting: LHB Jorge Alejándrez 0-0: SINGLE (Groundball, 56S) (infield hit)
Manuel Carmona to third
Batting: LHB Adrián Gómez 0-0: Ball
1-0: Swinging Strike
1-1: Foul Ball, location: 2F
1-2: Ground out U3 (Groundball, 23)
Manuel Carmona scores
Jorge Alejándrez to second
Batting: RHB Roland Deschain 0-0: SINGLE (Line Drive, 4MD)
Jorge Alejándrez to third
Runner from 3rd tries for Home, SAFE, no throw
Batting: LHB Stanley Belote 0-0: Ball
1-0: Called Strike
Roland Deschain steals 2nd base
1-1: Ball
2-1: Foul Ball, location: 2F
2-2: Ball
3-2: Fly out, F2 (Popup, 25F)
Batting: RHB Francisco Agámez 0-0: Ball
1-0: Ball
2-0: Ground out 4-3 (Groundball, 4)
Bottom of the 3rd over - 2 runs, 3 hits, 0 errors, 1 left on base; Las Vegas 2 - Boston 3
TOP OF THE 4TH
Las Vegas Flamingos batting - Pitching for Boston Patriots : RHP Sam Mooney
Batting: LHB Ty Tomblin 0-0: Ball
1-0: DOUBLE (Line Drive, 78M)
Batting: RHB Xavier Hernández 0-0: Foul Ball, location: 2F
0-1: Swinging Strike
0-2: Ball
1-2: Ball
2-2: Ground out 6-3 (Groundball, 6)
Batting: SHB Takashi Noda 0-0: Swinging Strike
0-1: Foul Ball, location: 2F
0-2: Foul Ball, location: 2F
0-2: Fly out, F6 (Line Drive, 6)
Batting: RHB Ellis Greenham 0-0: Ball
1-0: Fly out, F9 (Flyball, 89D)
Top of the 4th over - 0 runs, 1 hit, 0 errors, 1 left on base; Las Vegas 2 - Boston 3
BOTTOM OF THE 4TH
Boston Patriots batting - Pitching for Las Vegas Flamingos : RHP Sy-ing Tah
Batting: RHB Dennis Wacher 0-0: Ball
1-0: Foul Ball, location: 2F
1-1: Called Strike
1-2: Ball
2-2: Foul Ball, location: 2F
2-2: Foul Ball, location: 2F
2-2: Strikes out swinging
Batting: RHB Anselmo Berneu 0-0: Foul Ball, location: 2F
0-1: Swinging Strike
0-2: Ball
1-2: Strikes out swinging
Batting: SHB Edward Sterrenburg 0-0: Fly out, F8 (Flyball, 8LXD)
Bottom of the 4th over - 0 runs, 0 hits, 0 errors, 0 left on base; Las Vegas 2 - Boston 3
TOP OF THE 5TH
Las Vegas Flamingos batting - Pitching for Boston Patriots : RHP Sam Mooney
Batting: RHB Sun-jae Kwak 0-0: Ball
1-0: SINGLE (Line Drive, 7LS)
Batting: LHB Ruud van Ineveld 0-0: Called Strike
0-1: SINGLE (Groundball, 6D)
Sun-jae Kwak to second
Batting: RHB Sake van Arem 0-0: Fly out, F9 (Flyball, 9LM)
Runner from 2nd tags up, SAFE at 3rd with throw
Batting: RHB Baldomero Avino 0-0: Foul Ball, location: 2F
0-1: Ball
1-1: Swinging Strike
1-2: Ball
2-2: Ball
3-2: Strikes out looking
Pitching: LHP Bradley Roth
Batting: LHB Victor Adams 0-0: Swinging Strike
0-1: Ball
1-1: Ball
2-1: Ball
3-1: Fly out, F9 (Flyball, 9LS)
Top of the 5th over - 0 runs, 2 hits, 0 errors, 2 left on base; Las Vegas 2 - Boston 3
BOTTOM OF THE 5TH
Boston Patriots batting - Pitching for Las Vegas Flamingos : RHP Sy-ing Tah
Batting: LHB Manuel Carmona 0-0: Called Strike
0-1: Ball
1-1: Swinging Strike
1-2: Foul Ball, location: 2F
1-2: Fly out, F7 (Flyball, 7LM)
Batting: LHB Jorge Alejándrez 0-0: Ball
1-0: Ball
2-0: Foul Ball, location: 2F
2-1: Foul Ball, location: 2F
2-2: Ball
3-2: Ground out U3 (Groundball, 3L)
Batting: LHB Adrián Gómez 0-0: Ball
1-0: Called Strike
1-1: Foul Ball, location: 2F
1-2: Foul Ball, location: 2F
1-2: Foul Ball, location: 2F
1-2: Ball
2-2: Ball
3-2: Base on Balls
Batting: RHB Roland Deschain 0-0: Called Strike
0-1: Fly out, F8 (Flyball, 8LM)
Bottom of the 5th over - 0 runs, 0 hits, 0 errors, 1 left on base; Las Vegas 2 - Boston 3
TOP OF THE 6TH
Las Vegas Flamingos batting - Pitching for Boston Patriots : LHP Bradley Roth
Batting: LHB Ty Tomblin 0-0: Called Strike
0-1: SINGLE (Line Drive, 3D)
Batting: RHB Xavier Hernández 0-0: Bunted foul
0-1: Ball
1-1: Bunt - Flyout! F1
Batting: SHB Takashi Noda 0-0: Ball
Wild Pitch!
Ty Tomblin to second
1-0: Ground out 5-3 (Groundball, 56S)
Ty Tomblin to third
Batting: RHB Ellis Greenham 0-0: Fly out, F9 (Line Drive, 9S)
Top of the 6th over - 0 runs, 1 hit, 0 errors, 1 left on base; Las Vegas 2 - Boston 3
BOTTOM OF THE 6TH
Boston Patriots batting - Pitching for Las Vegas Flamingos : RHP Sy-ing Tah
Batting: LHB Stanley Belote 0-0: Ball
1-0: Foul Ball, location: 2F
1-1: SINGLE (Line Drive, 34)
Batting: RHB Francisco Agámez 0-0: Ball
1-0: Called Strike
1-1: SINGLE (Groundball, 56D)
Stanley Belote to second
Batting: RHB Dennis Wacher 0-0: Called Strike
0-1: Ball
1-1: Foul Ball, location: 2F
1-2: Ball
2-2: SINGLE (Groundball, 56D)
Stanley Belote to third
Francisco Agámez to second
Runner from 3rd tries for Home, SAFE, throw made home
Batting: RHB Anselmo Berneu 0-0: 3-RUN HOME RUN (Flyball, 9LD), Distance : 346 ft
Pitching: RHP George Frazier
Batting: SHB Edward Sterrenburg 0-0: Called Strike
0-1: Swinging Strike
0-2: Ball
1-2: Ball
2-2: Foul Ball, location: 2F
2-2: Ball
3-2: Base on Balls
Batting: LHB Manuel Carmona 0-0: Ball
1-0: Called Strike
1-1: Called Strike
1-2: Ball
2-2: Grounds into double play, 6-4-3 (Groundball, 6M)
Batting: LHB Jorge Alejándrez 0-0: Fly out, F9 (Flyball, 9LD)
Bottom of the 6th over - 4 runs, 4 hits, 0 errors, 0 left on base; Las Vegas 2 - Boston 7
TOP OF THE 7TH
Las Vegas Flamingos batting - Pitching for Boston Patriots : LHP Bradley Roth
Batting: RHB Sun-jae Kwak 0-0: Fly out, F7 (Flyball, 78S)
Batting: LHB Ruud van Ineveld 0-0: Ball
1-0: Ball
2-0: Called Strike
2-1: SINGLE (Line Drive, 89S)
Batting: RHB Sake van Arem 0-0: Ball
Ruud van Ineveld steals 2nd base
1-0: Ball
2-0: Ball
3-0: Foul Ball, location: 2F
3-1: Base on Balls
Batting: RHB Baldomero Avino 0-0: Foul Ball, location: 2F
0-1: Swinging Strike
0-2: Ball
1-2: Foul Ball, location: 2F
1-2: Ball
2-2: Foul Ball, location: 2F
2-2: Foul Ball, location: 2F
2-2: Foul Ball, location: 2F
2-2: Ball
3-2: Strikes out swinging
Pitching: LHP José Sánchez
Batting: LHB Victor Adams 0-0: Called Strike
0-1: Called Strike
0-2: Ball
1-2: Foul Ball, location: 2F
1-2: Strikes out swinging
Top of the 7th over - 0 runs, 1 hit, 0 errors, 2 left on base; Las Vegas 2 - Boston 7
BOTTOM OF THE 7TH
Boston Patriots batting - Pitching for Las Vegas Flamingos : RHP George Frazier
Batting: LHB Adrián Gómez 0-0: Swinging Strike
0-1: Ball
1-1: Ball
2-1: Ball
3-1: Called Strike
3-2: Strikes out looking
Batting: RHB Roland Deschain 0-0: Ground out 6-3 (Groundball, 6)
Batting: LHB Stanley Belote 0-0: Ball
1-0: Ball
2-0: Foul Ball, location: 2F
2-1: Fly out, F3 (Line Drive, 34)
Bottom of the 7th over - 0 runs, 0 hits, 0 errors, 0 left on base; Las Vegas 2 - Boston 7
TOP OF THE 8TH
Las Vegas Flamingos batting - Pitching for Boston Patriots : LHP José Sánchez
Batting: LHB Ty Tomblin 0-0: Fly out, F8 (Flyball, 89D)
Batting: RHB Xavier Hernández 0-0: Swinging Strike
0-1: Foul Ball, location: 2F
0-2: Ball
1-2: Ball
2-2: Foul Ball, location: 2F
2-2: Ground out 4-3 (Groundball, 34D)
Batting: SHB Takashi Noda 0-0: Swinging Strike
0-1: Foul Ball, location: 2F
0-2: Foul Ball, location: 2F
0-2: Ball
1-2: Ground out 5-3 (Groundball, 2L)
Top of the 8th over - 0 runs, 0 hits, 0 errors, 0 left on base; Las Vegas 2 - Boston 7
BOTTOM OF THE 8TH
Boston Patriots batting - Pitching for Las Vegas Flamingos : RHP George Frazier
Batting: RHB Francisco Agámez 0-0: SINGLE (Flyball, 78S)
Batting: RHB Dennis Wacher 0-0: Ball
1-0: Foul Ball, location: 2F
1-1: TRIPLE (Line Drive, 89XD)
Francisco Agámez scores
Batting: RHB Anselmo Berneu 0-0: Ground out 6-3 (Groundball, 6)
Batting: SHB Edward Sterrenburg 0-0: Called Strike
0-1: Called Strike
0-2: Foul Ball, location: 2F
0-2: Foul Ball, location: 2F
0-2: Ball
1-2: Foul Ball, location: 2F
1-2: Ball
2-2: Foul Ball, location: 2F
2-2: Ball
3-2: Fly out, F9 (Flyball, 9LD)
Runner from 3rd tags up, SCORES, no throw
Batting: LHB Manuel Carmona 0-0: Ball
1-0: TRIPLE (Flyball, 9LD)
Batting: LHB Jorge Alejándrez 0-0: Ball
1-0: Called Strike
1-1: Fly out, F3 (Popup, 3SF)
Bottom of the 8th over - 2 runs, 3 hits, 0 errors, 1 left on base; Las Vegas 2 - Boston 9
TOP OF THE 9TH
Las Vegas Flamingos batting - Pitching for Boston Patriots : LHP José Sánchez
Batting: RHB Ellis Greenham 0-0: Called Strike
0-1: Swinging Strike
0-2: Ball
1-2: Strikes out looking
Batting: RHB Sun-jae Kwak 0-0: Called Strike
0-1: Ball
1-1: Ball
2-1: Fly out, F7 (Flyball, 7)
Batting: LHB Ruud van Ineveld 0-0: Called Strike
0-1: Fly out, F9 (Flyball, 89S)
Top of the 9th over - 0 runs, 0 hits, 0 errors, 0 left on base; Las Vegas 2 - Boston 9
Friday, March 29th, 2019 - OOTP Baseball 18.8 Build 76